Map: New Repugnancy LE

Players

TiPtOP

  • Race: Terran Terran
  • League: Silver
  • Spawn Location: 1:00

Arbee - Winner!

  • Race: Zerg Zerg
  • League: Gold
  • Spawn Location: 7:00

VOD

Have the link to the VOD?

Description

Time

  • Played on: Aug. 18, 2019, 7:05 a.m.
  • Length: 30:41
Show
View Real Time Build Order
Export as new Build Order

TiPtOP Terran 

Build Orders: 2 Factory, Mech 

Get SALT Encoding   

  12  0:01  SCV  
  13  0:13  SCV  
  14  0:22  Supply Depot  
  14  0:25  SCV  
  15  0:44  SCV  
  15  0:49  Barracks  
  16  0:56  SCV  
  17  1:00  Refinery  
  17  1:08  SCV  
  18  1:20  SCV  
  19  1:42  Bunker, Marine  
  19  1:44  Supply Depot  
  20  1:47  Supply Depot  
  20  1:50  Barracks, Orbital Command  
  20  2:05  Marine  
  21  2:17  Factory  
  21  2:22  Refinery  
  21  2:39  Marine  
  22  2:49  Factory  
  22  2:50  SCV  
  23  3:00  Marine  
  23  3:03  SCV  
  23  3:05  Factory Tech Lab  
  25  3:15  Engineering Bay, SCV  
  26  3:24  Siege Tank  
  31  3:35  Factory Reactor  
  31  3:39  Command Center  
  29  4:00  Siege Tank  
  32  4:12  Hellion x2  
  36  4:22  Armory  
  36  4:32  Siege Tank  
  39  4:47  Supply Depot  
  39  4:50  Supply Depot  
  39  4:51  Hellion x2, SCV  
  44  4:53  Supply Depot  
  44  5:03  SCV  
  45  5:13  Siege Tank  
  40  5:59  Orbital Command  
  40  6:00  SCV  
  41  6:11  Missile Turret  
  41  6:12  SCV  
  41  6:17  Missile Turret  
  42  6:19  Terran Vehicle Weapons Level 1  
  42  6:24  SCV  
  43  6:27  Command Center  
  43  6:36  SCV  
  43  6:37  SCV  
  43  6:38  Factory  
  43  6:39  Factory  
  42  6:48  SCV  
  42  6:49  SCV  
  44  7:02  Missile Turret, SCV  
  44  7:06  SCV  
  46  7:11  Thor  
  46  7:13  Hellion x2  
  46  7:14  SCV  
  57  7:18  SCV  
  58  7:22  Factory Tech Lab  
  58  7:24  Factory Tech Lab  
  58  7:36  SCV x2  
  60  7:46  Refinery  
  60  7:48  SCV  
  60  7:49  Thor x2, Hellion x2, SCV  
  78  8:22  Thor  
  78  8:24  Hellion x2  
  88  8:32  Orbital Command  
  88  8:46  SCV  
  88  8:48  Refinery  
  89  8:56  Terran Vehicle And Ship Armor Level 1  
  89  8:58  SCV  
  90  9:05  Armory  
  90  9:10  SCV  
  90  9:12  SCV x2  
  93  9:30  SCV x2  
  89  9:45  Hellion x2  
  93  9:55  Supply Depot  
  93  9:56  Supply Depot  
  93  9:59  Supply Depot x2  
  93  10:07  Supply Depot  
  93  10:08  Supply Depot  
  93  10:09  Supply Depot  
  93  10:10  Missile Turret  
  93  10:12  Missile Turret  
  93  10:16  Thor  
  93  10:17  Hellion, Thor  
  107  10:38  SCV  
  108  10:49  Hellion  
  112  10:50  Hellion, Thor, SCV  
  112  10:54  Terran Vehicle Weapons Level 2  
  119  10:59  Thor  
  119  11:02  Command Center  
  123  11:23  Infernal Pre-Igniter  
  123  11:25  Smart Servos  
  116  11:34  Refinery  
  116  11:39  Refinery, SCV x2  
  118  11:47  Thor  
  118  11:48  Hellion  
  118  11:49  Hellion x3  
  118  11:51  SCV  
  133  12:10  Hellion  
  135  12:54  Supply Depot  
  135  12:56  SCV x3, Supply Depot  
  138  12:58  Supply Depot  
  138  13:08  Terran Vehicle And Ship Armor Level 2  
  138  13:11  Neosteel Armor  
  138  13:18  SCV, Supply Depot  
  139  13:23  Supply Depot  
  139  13:30  SCV  
  142  13:41  Thor x2, Hellbat x2  
  142  13:42  SCV, Hellbat  
  159  13:55  SCV  
  160  14:01  Factory  
  160  14:02  Thor  
  159  14:07  SCV  
  154  14:26  Refinery  
  154  14:41  Thor x2  
  154  14:42  Hellion  
  154  14:43  Hellion  
  154  14:45  Thor  
  153  15:04  Hellion, Hellbat  
  157  15:22  Factory  
  157  15:25  SCV, Hellbat x4  
  166  15:29  Hellbat  
  166  15:31  Hellion x12  
  168  15:37  SCV  
  169  15:46  Hellbat x2  
  169  15:49  Thor  
  168  16:02  Factory Tech Lab  
  168  16:07  Thor x2  
  168  16:08  Factory, SCV  
  181  16:25  SCV x3  
  184  16:37  Thor, SCV x3  
  184  16:39  Hellbat x2  
  197  16:50  Hellbat  
  199  17:04  Planetary Fortress  
  183  17:28  Terran Vehicle And Ship Armor Level 3  
  183  17:29  Terran Vehicle Weapons Level 3  
  169  17:39  Refinery  
  169  17:40  Refinery  
  169  17:43  Missile Turret  
  169  17:47  Missile Turret  
  169  17:49  Command Center  
  149  18:41  Thor x2  
  155  18:42  Hellbat  
  155  18:43  Hellbat x2  
  167  18:56  Factory Reactor  
  167  18:58  Factory Tech Lab  
  167  19:02  Thor  
  173  19:04  Hellion x2  
  165  19:23  Thor  
  133  19:25  Hellbat x2  
  103  20:26  Hellbat x7  
  109  20:45  SCV  
  110  20:53  SCV  
  111  20:57  SCV  
  99  21:05  SCV  
  99  21:08  SCV  
  99  21:09  SCV  
  90  21:17  SCV  
  85  21:21  SCV x2  
  85  21:25  Thor x3, Hellbat x2  
  103  21:29  SCV  
  110  21:33  SCV x2  
  110  21:35  Factory  
  110  21:36  Factory  
  110  21:37  Factory  
  112  21:45  SCV  
  113  21:57  SCV  
  113  21:58  Hellbat x2  
  113  21:59  Hellbat  
  120  22:02  Refinery  
  120  22:41  Factory Tech Lab  
  120  22:47  Factory Reactor, Factory Tech Lab  
  120  22:52  Hellbat  
  120  22:53  Thor, Hellbat x3  
  120  22:54  Hellbat x2  
  125  23:16  Hellbat x2  
  94  25:06  Command Center  
  92  25:09  Refinery  
  92  25:10  Refinery  
  92  25:11  Missile Turret  
  92  25:12  Missile Turret  
  78  25:15  Hellbat  
  78  25:16  Hellbat x2  
  84  25:31  SCV  
  85  25:43  SCV  
  55  26:43  Thor x3  
  55  26:44  Thor x2  
  55  26:45  Hellbat x3  
  55  26:46  Hellbat x2  
  89  27:00  Missile Turret  
  89  27:01  Missile Turret  
  89  27:02  Hi-Sec Auto Tracking  
  22  28:39  Hellion x3  
  22  28:40  Hellion, Thor  
  30  28:49  Hellion x4  
  23  29:23  Orbital Command  
  18  29:57  Hellbat x2  
Show
View Real Time Build Order
Export as new Build Order

Arbee Zerg - Winner!

Build Orders: Hatch First, Lurkers, Swarm Host 

Get SALT Encoding   

  12  0:02  Drone  
  13  0:23  Overlord  
  13  0:44  Drone  
  13  0:48  Drone  
  15  0:51  Hatchery  
  14  0:57  Extractor  
  13  1:06  Drone x3  
  16  1:22  Spawning Pool  
  15  1:26  Drone  
  15  1:30  Drone  
  17  1:41  Drone  
  18  1:58  Drone  
  19  2:06  Drone  
  19  2:07  Drone  
  21  2:08  Queen  
  21  2:09  Queen  
  25  2:15  Overlord  
  25  2:22  Metabolic Boost  
  25  2:26  Extractor  
  24  2:37  Spine Crawler  
  23  2:45  Roach Warren  
  23  2:49  Drone  
  23  2:50  Drone  
  24  2:53  Drone  
  25  2:58  Zergling x2  
  25  3:02  Zergling x2  
  27  3:06  Zergling x2  
  27  3:10  Zergling x2  
  29  3:14  Drone  
  29  3:17  Drone  
  30  3:28  Queen  
  32  3:37  Spine Crawler  
  31  3:42  Drone  
  31  3:43  Drone  
  33  3:56  Roach  
  33  4:01  Overlord  
  35  4:18  Queen  
  35  4:19  Roach  
  35  4:20  Roach x2  
  43  4:32  Overlord x2  
  43  4:50  Roach x3  
  43  4:51  Roach x2  
  53  5:25  Overlord x2  
  50  5:41  Ravager  
  50  5:42  Ravager x3  
  54  5:44  Overlord x2  
  54  5:55  Hatchery  
  53  6:11  Ravager x4  
  54  6:12  Ravager  
  58  6:23  Lair  
  58  6:27  Drone x3  
  58  6:28  Drone x4  
  47  6:58  Drone  
  47  6:59  Drone x3  
  51  7:10  Overlord  
  51  7:11  Overlord  
  51  7:18  Extractor  
  51  7:19  Extractor  
  49  7:30  Infestation Pit  
  49  7:32  Hydralisk Den  
  49  7:34  Drone x3  
  49  7:36  Drone x3  
  53  7:44  Drone x3  
  53  7:45  Drone  
  57  7:57  Drone  
  58  8:05  Pneumatized Carapace  
  58  8:07  Nydus Network  
  57  8:31  Swarm Host  
  57  8:32  Swarm Host x6  
  78  8:40  Grooved Spines  
  78  8:41  Drone  
  78  8:42  Drone x2, Hatchery  
  80  8:56  Swarm Host  
  80  8:57  Swarm Host x2  
  80  8:59  Overlord  
  89  9:04  Extractor  
  89  9:05  Extractor  
  89  9:06  Nydus Canal  
  87  9:36  Drone x3  
  87  9:37  Drone x3  
  87  9:38  Drone x6  
  99  9:39  Overlord x2  
  99  9:50  Lurker Den  
  99  9:51  Glial Reconstitution, Muscular Augments  
  98  10:11  Hydralisk  
  98  10:12  Hydralisk x6  
  112  10:37  Roach  
  112  10:38  Roach x8  
  130  10:48  Evolution Chamber  
  129  10:50  Nydus Canal, Evolution Chamber  
  128  11:02  Roach  
  130  11:04  Overlord x2  
  130  11:05  Overlord x2  
  130  11:09  Tunneling Claws  
  130  11:22  Zerg Missile Weapons Level 1  
  130  11:23  Zerg Ground Armor Level 1  
  130  11:29  Hive  
  130  11:34  Lurker  
  130  11:35  Lurker x6  
  130  11:36  Overlord x4  
  137  11:56  Nydus Canal  
  137  12:28  Burrow  
  137  12:34  Hydralisk  
  137  12:35  Hydralisk x12  
  163  12:37  Swarm Host x3  
  163  12:38  Swarm Host  
  175  12:59  Adaptive Talons  
  175  13:00  Adrenal Glands  
  175  13:08  Drone x4  
  179  13:14  Lurker x2  
  179  13:15  Lurker  
  182  13:33  Hatchery  
  181  13:40  Swarm Host  
  181  13:41  Swarm Host x3  
  193  13:56  Nydus Canal  
  193  14:53  Zerg Missile Weapons Level 2  
  193  14:54  Zerg Ground Armor Level 2  
  193  15:09  Roach x3  
  199  15:48  Extractor  
  199  15:49  Extractor  
  197  16:05  Spire  
  196  16:36  Overlord x2  
  196  16:47  Nydus Canal  
  196  16:59  Nydus Canal  
  196  17:26  Nydus Canal  
  196  17:35  Ultralisk Cavern  
  195  17:42  Nydus Canal  
  195  18:29  Chitinous Plating  
  195  18:33  Zerg Missile Weapons Level 3  
  195  18:42  Pathogen Glands  
  165  19:26  Roach x14  
  181  19:39  Neural Parasite  
  181  19:43  Nydus Canal  
  181  19:48  Anabolic Synthesis, Roach  
  181  19:49  Roach x4  
  191  21:10  Zerg Ground Armor Level 3  
  183  21:28  Nydus Canal  
  183  22:31  Corruptor  
  183  22:32  Corruptor x3  
  183  22:35  Zerg Melee Weapons Level 1  
  191  23:16  Overlord x2  
  191  23:29  Greater Spire  
  191  23:55  Hatchery, Extractor  
  175  24:38  Corruptor  
  175  24:39  Corruptor x14  
  184  24:49  Brood Lord  
  184  24:50  Brood Lord x3  
  184  25:19  Extractor  
  183  25:38  Brood Lord x8  
  199  25:58  Zerg Melee Weapons Level 2  
  175  26:37  Brood Lord x7  
  175  26:39  Zergling x8  
  189  26:40  Zergling x38  
  173  27:36  Zergling x26  
  173  27:37  Zergling x28  
  139  28:24  Ultralisk x9  
  139  28:25  Ultralisk  
  197  29:04  Hatchery  
  196  29:27  Zergling x2  
  196  29:28  Zergling x6  
Tags
 
Add a new tag
Caveats
  • Supply blocks, unpowered buildings, or Contaminate may cause inaccurate times.
  • Supply counts are checked every 10 seconds.